 Dungeon Crawl Stone Soup version 0.31-a0-121-g1e386dd289 (webtiles) character file.

Game seed: 13554439880811407119

124 benadryl the Shooter (level 5, -1/31 (39) HPs)
             Began as a Barachi Hunter on May 31, 2023.
             Slain by Robin
             ... wielding a +0 heavy mace
              (5 damage)
             ... on level 4 of the Dungeon.
             The game lasted 00:05:09 (1915 turns).

benadryl the Shooter (Barachi Hunter)               Turns: 1915, Time: 00:05:10

HP:   -1/31 (39)    AC:  4    Str: 13    XL:     5   Next: 8%
MP:   5/5           EV: 12    Int:  9    God:
Gold: 83            SH:  0    Dex: 17    Spells: 4/4 levels left

rFire   . . .        a - +0 shortbow
rCold   . . .        (shield currently unavailable)
rNeg    . . .        c - +1 leather armour
rPois   .            (no helmet)
rElec   .            (no cloak)
rCorr   .            (no gloves)
SInv    .            (no boots)
Will    .....        m - amulet of regeneration
Stlth   ++           (no ring)
HPRegen 1.05/turn    (no ring)
MPRegen 0.09/turn

%: no passive effects
@: heavily drained, slow
A: amphibious, slowness 1, strong legs 1, +LOS
a: Hop


You were on level 4 of the Dungeon.
You visited 1 branch of the dungeon, and saw 4 of its levels.

You collected 83 gold pieces.

Inventory:

Hand Weapons
 a - a +0 shortbow (weapon)
 d - a +2 dagger of draining
Armour
 c - a +1 leather armour (worn)
Jewellery
 l - an amulet of magic regeneration
 m - an amulet of regeneration (around neck)
Wands
 q - a wand of polymorph (11)
Scrolls
 g - a scroll of enchant weapon {unknown}
 h - a scroll of blinking {unknown}
 i - a scroll of fog
 j - a scroll of poison {unknown}
 k - 5 scrolls of identify {unknown}
Potions
 b - a potion of degeneration {unknown}
 e - a potion of enlightenment {unknown}
 n - 2 potions of might {unknown}
 o - a potion of attraction {unknown}
 p - a potion of curing {unknown}


   Skills:
 - Level 2.4 Fighting
 * Level 6.2 Ranged Weapons
 - Level 2.1 Dodging
 - Level 0.8 Stealth


You had 4 spell levels left.
You didn't know any spells.
Your spell library was empty.

Dungeon Overview and Level Annotations

Branches:
Dungeon (4/15)
 Temple: D:4-7

Altars:

Annotations:
D:2 Pargi
D:4 Robin


Innate Abilities, Weirdness & Mutations

You are amphibious.
You cover ground slowly.
You can hop short distances.
You have an extended range of vision and can be seen from far away.


Message History

Aim: Robin, wielding a +0 heavy mace, wearing a +0 animal skin and wearing a +0 helmet (71% to hit)
You shoot an arrow. The arrow hits Robin!
Robin is heavily wounded.
Fire: a) +0 shortbow
Press: ? - help, Q - select action, (/) - cycle Shift-Dir - straight line, f/p - Robin
Aim: Robin, wielding a +0 heavy mace, wearing a +0 animal skin and wearing a +0 helmet (heavily wounded, 71% to hit)
You shoot an arrow.
The arrow hits Robin but does no damage.
Robin is heavily wounded.
Robin hits you with a +0 heavy mace.
Fire: a) +0 shortbow
Press: ? - help, Q - select action, (/) - cycle Shift-Dir - straight line, f/p - Robin
Aim: Robin, wielding a +0 heavy mace, wearing a +0 animal skin and wearing a +0 helmet (heavily wounded, 71% to hit)
You shoot an arrow. The arrow hits Robin.
Robin is severely wounded.
Robin hits you with a +0 heavy mace!
* * * LOW HITPOINT WARNING * * *
Fire: a) +0 shortbow
Press: ? - help, Q - select action, (/) - cycle Shift-Dir - straight line, f/p - Robin
Aim: Robin, wielding a +0 heavy mace, wearing a +0 animal skin and wearing a +0 helmet (severely wounded, 71% to hit)
You shoot an arrow. The arrow closely misses Robin.
Fire: a) +0 shortbow
Press: ? - help, Q - select action, (/) - cycle Shift-Dir - straight line, f/p - Robin
Aim: Robin, wielding a +0 heavy mace, wearing a +0 animal skin and wearing a +0 helmet (severely wounded, 71% to hit)
You shoot an arrow. The arrow barely misses Robin.
Robin barely misses you.
Fire: a) +0 shortbow
Press: ? - help, Q - select action, (/) - cycle Shift-Dir - straight line, f/p - Robin
Aim: Robin, wielding a +0 heavy mace, wearing a +0 animal skin and wearing a +0 helmet (severely wounded, 71% to hit)
You shoot an arrow. The arrow hits Robin.
Robin is severely wounded.
Robin hits you with a +0 heavy mace!
* * * LOW HITPOINT WARNING * * *
Fire: a) +0 shortbow
Press: ? - help, Q - select action, (/) - cycle Shift-Dir - straight line, f/p - Robin
Aim: Robin, wielding a +0 heavy mace, wearing a +0 animal skin and wearing a +0 helmet (severely wounded, 71% to hit)
You shoot an arrow. The arrow hits Robin.
Robin is almost dead.
Robin hits you with a +0 heavy mace.
You die...

. .# .# .# #.# ..#
..# ##.####
##@....####
###..####g†)...[..#
.....$....†.####...
+####..##....# #
..8# #....# #...
#....# .# ..#...#
####..# #..#


You could see Robin.

Vanquished Creatures
  An orc priest (D:3)
  2 adders (D:2)
  A dart slug (D:1)
  2 orcs (D:3)
  6 ball pythons
  6 endoplasms
  4 giant cockroaches
  9 hobgoblins
  2 quokkas (D:1)
  4 bats
  2 frilled lizards
  18 goblins
  3 kobolds
  5 rats
65 creatures vanquished.

Notes
Turn   | Place    | Note
-------+----------+-------------------------------------------
     0 | D:1      | benadryl the Barachi Hunter began the quest for the Orb.
     0 | D:1      | Reached XP level 1. HP: 17/17 MP: 1/1
    94 | D:1      | Reached XP level 2. HP: 20/23 MP: 2/2
   417 | D:1      | Reached XP level 3. HP: 28/28 MP: 3/3
   460 | D:1      | Reached skill level 5 in Ranged Weapons
  1122 | D:2      | Reached XP level 4. HP: 28/34 MP: 4/4
  1302 | D:3      | Noticed Pargi
  1416 | D:3      | Reached skill level 6 in Ranged Weapons
  1614 | D:3      | Noticed Robin
  1621 | D:3      | Reached XP level 5. HP: 36/39 MP: 5/5
  1732 | D:2      | You fall into a shaft and drop 2 floors!
  1915 | D:4      | Slain by Robin

Illustrated notes

Levels and vault maps discovered:
D:1:      lightli_arrival_quake, layout_loops_cross,
          dreamdust_princess_corridor, kennysheep_decorative_pillar
D:2:      layout_basic
D:3:      layout_rooms, chequers_temple_overflow_minitemple,
          corexii_hall_statues_t, uniq_pargi, uniq_robin
D:4:      layout_cave_pods, minivault_1

Skill      XL: |  1  2  3  4 |
---------------+-------------+-----
Ranged Weapons | 5 6 |  6.2
Fighting       | |  2.4
Dodging        | |  2.1
Stealth        | |  0.8

Action                     |  1- 3 |  4- 6 || total
---------------------------+-------+-------++-------
   Fire: Shortbow          |   118 |   108 ||   226
Ability: Hop               |       |     2 ||     2
    Use: Scroll            |       |     4 ||     4
         Potion            |       |     2 ||     2
 Armour: Leather armour    |     6 |    63 ||    69
  Dodge: Dodged            |    16 |   160 ||   176

Table legend: (Time is in decaauts)
 A = Elapsed time spent in this place.
 B = Non-inter-level travel time spent in this place.
 C = Inter-level travel time spent in this place.
 D = Time resting spent in this place.
 E = Time spent auto-exploring this place.
 F = Levels seen in this place.
 G = Mean time per level.
                   A        B        C        D        E       F      G
               +--------+--------+--------+--------+--------+-----+--------+
         Total |   2215 |   2118 |     97 |    233 |   1249 |   4 |  553.8 |
       Dungeon |   2215 |   2118 |     97 |    233 |   1249 |   4 |  553.8 |
               +--------+--------+--------+--------+--------+-----+--------+

Top non-repeatable levels by time:
     D:2: 884 daAuts
     D:1: 817 daAuts
     D:3: 363 daAuts
     D:4: 150 daAuts
